 Dungeon Crawl Stone Soup version 0.21.1-1-g345015f (webtiles) character file.

189 bosm the Sneak (level 5, -2/28 HPs)
             Began as a Vine Stalker Assassin on Feb 26, 2018.
             Slain by an orc
             ... wielding a +0 war axe
              (7 damage)
             ... on level 3 of the Dungeon.
             The game lasted 00:09:51 (1813 turns).

bosm the Sneak (Vine Stalker Assassin)              Turns: 1813, Time: 00:09:52

Health: -2/28      AC:  7    Str: 18    XL:     5   Next: 68%
Magic:  0/6        EV: 12    Int: 11    God:
Gold:   226        SH:  0    Dex: 17    Spells: 4/4 levels left

rFire    . . .     SeeInvis +   a - +2 dagger
rCold    . . .     Gourm    .   (no shield)
rNeg     . . .     Faith    .   h - +0 ring mail
rPois    .         Spirit   +   n - +0 helmet
rElec    .         Reflect  .   d - +0 cloak
rCorr    .         Harm     .   (no gloves)
MR       .....                  (no boots)
Stlth    ++........             (no amulet)
HPRegen  0.49/turn              c - ring of see invisible
MPRegen  0.10/turn              l - +5 ring of strength

@: no status effects
A: fangs 2, regeneration 1, magic shield, antimagic bite, no potion heal 3, rot
immunity
a: no special abilities


You were on level 3 of the Dungeon.
You were hungry.

You visited 1 branch of the dungeon, and saw 3 of its levels.

You collected 226 gold pieces.

Inventory:

Hand Weapons
 a - a +2 dagger (weapon)
 b - a +0 blowgun
Missiles
 e - 8 poisoned needles
 f - 2 curare-tipped needles
Armour
 d - a +0 cloak (worn)
 h - a +0 ring mail (worn)
 n - a +0 helmet (worn)
Jewellery
 c - a ring of see invisible (left hand)
 l - a +5 ring of strength (right hand)
Scrolls
 i - a scroll of remove curse
 j - 4 scrolls of identify
Potions
 p - a potion of curing
Comestibles
 g - 9 rations


   Skills:
 + Level 2.9 Fighting
 * Level 3.8 Short Blades
 - Level 1.7 Throwing
 + Level 2.2 Dodging
 - Level 4.8 Stealth


You had 4 spell levels left.
You didn't know any spells.

Dungeon Overview and Level Annotations

Branches:
Dungeon (3/15)

Altars:
Sif Muna


Innate Abilities, Weirdness & Mutations

You have extremely sharp teeth.
Your natural rate of healing is unusually fast.
When hurt, damage is shared between your health and your magic reserves.
Your bite disrupts and absorbs the magic of your enemies.
Potions cannot restore your health.
You are immune to rotting.


Message History

You closely miss the jackal. Your bite misses the jackal.
The jackal is severely wounded.
The jackal closely misses you.
You hit the jackal.
You kill the jackal!
You closely miss the jackal. The jackal closely misses you.
You puncture the jackal!
You kill the jackal!
The orc hits you with a war axe!
* * * LOW HITPOINT WARNING * * *
Things that are here:
3 stones; a jackal corpse You hit the orc but do no damage.
Your bite misses the orc.
The orc is heavily wounded.
The orc hits you with a war axe.
* * * LOW HITPOINT WARNING * * *
You hit the orc.
The orc is almost dead.
The orc hits you with a war axe!
You die...

.##...######...##
.#..###,,,,###..#
...##,,,,,,,,##.##
...#,,******,,#.(#
..##,**,,,,**,##.#
#.#,,*,,,...#.,#.#
..#,,*,,*#..#.,#.#
..#,,*,,**.h..,#†#
..#,,*,,,,,...,#@#
..#*,**,,,,#g.##o#
,,,*,,*#####..#.K#
,,,**,,.......#.##
*,,,***.....%.(.#
*,,,,,*##......##
**,,,,,........#
***,,,.......##
****#######*


You could see an orc and a kobold.

Vanquished Creatures
  An orc wizard (D:3)
  Natasha (thrice) (D:2)
  A gnoll (D:1)
  2 adders (D:3)
  An ooze (D:2)
  A worm (D:3)
  A dart slug (D:1)
  2 leopard geckos (D:1)
  3 orcs (D:3)
  2 bats
  A giant cockroach (D:1)
  7 goblins
  7 hobgoblins
  4 jackals (D:3)
  4 kobolds
  A ball python (D:3)
  3 frilled lizards
  4 rats
48 creatures vanquished.

Notes
Turn   | Place    | Note
-------+----------+-------------------------------------------
     0 | D:1      | bosm the Vine Stalker Assassin began the quest for the Orb.
     0 | D:1      | Reached XP level 1. HP: 11/11 MP: 2/2
   354 | D:1      | Reached skill level 1 in Dodging
   368 | D:1      | Reached XP level 2. HP: 12/15 MP: 3/3
   511 | D:1      | Reached XP level 3. HP: 6/18 MP: 4/4
   794 | D:2      | Noticed Natasha
   807 | D:2      | Killed Natasha
   807 | D:2      | Gained mutation: Your natural rate of healing is unusually fast. [Vine Stalker growth]
   807 | D:2      | Reached XP level 4. HP: 8/23 MP: 3/5
   829 | D:2      | You fall through a shaft!
  1004 | D:2      | Noticed Natasha
  1022 | D:2      | Killed Natasha
  1106 | D:2      | Noticed Natasha
  1142 | D:2      | Killed Natasha
  1142 | D:2      | Reached XP level 5. HP: 17/27 MP: 4/6
  1351 | D:2      | Found a deep blue altar of Sif Muna.
  1813 | D:3      | Slain by an orc

Skill      XL: |  1  2  3  4 |
---------------+-------------+-----
Short Blades   | 2 3 |  3.8
Dodging        | 1 2 |  2.2
Fighting       | 2 |  2.9
Throwing       | |  1.7
Stealth        | |  4.8

Action                   |  1- 3 |  4- 6 || total
-------------------------+-------+-------++-------
Melee: Dagger            |    49 |    90 ||   139
       Bite              |    14 |    33 ||    47
 Fire: Blowgun           |     3 |       ||     3
  Use: Potion            |     1 |     3 ||     4
       Scroll            |       |     6 ||     6
 Stab: Sleeping          |     4 |     4 ||     8
  Eat: Chunk             |       |     2 ||     2
Armor: Ring mail         |    16 |    18 ||    34
       Robe              |     2 |       ||     2
Dodge: Dodged            |    27 |    38 ||    65
